 Dungeon Crawl Stone Soup version 0.21-a0-39-g28ea6b7 (webtiles) character file.

93 HAL9000 the Sneak (level 4, -2/23 HPs)
             Began as a Vine Stalker Assassin on June 1, 2017.
             Slain by a gnoll
             ... wielding a +0 flail
              (8 damage)
             ... on level 2 of the Dungeon.
             The game lasted 00:02:12 (1179 turns).

HAL9000 the Sneak (Vine Stalker Assassin)           Turns: 1179, Time: 00:02:13

Health: -2/23      AC:  3    Str: 13    XL:     4   Next: 61%
Magic:  0/5        EV: 11    Int: 11    God:
Gold:   130        SH:  0    Dex: 17    Spells: 3/3 levels left

rFire    . . .     SeeInvis .   a - +2 dagger
rCold    . . .     Gourm    .   (no shield)
rNeg     . . .     Faith    .   c - +0 robe
rPois    .         Spirit   +   (no helmet)
rElec    .         Reflect  .   d - +0 cloak
rCorr    .         Harm     .   (no gloves)
MR       .....                  (no boots)
Stlth    +++.......             (no amulet)
Regen    0.5/turn               (no ring)
MPRegen  0.1/turn               (no ring)

@: no status effects
A: fangs 2, regeneration 1, magic shield, antimagic bite, no potion heal 3, rot
immunity
a: no special abilities


You were on level 2 of the Dungeon.
You were hungry.

You visited 1 branch of the dungeon, and saw 2 of its levels.

You collected 130 gold pieces.

Inventory:

Hand Weapons
 a - a +2 dagger (weapon)
 b - a +0 blowgun
Missiles
 e - 8 poisoned needles
 f - 2 curare-tipped needles
Armour
 c - a +0 robe (worn)
 d - a +0 cloak (worn)
Jewellery
 k - an uncursed amulet of regeneration {unknown}
Scrolls
 h - 2 scrolls of remove curse {unknown}
 l - 3 scrolls of identify {unknown}
 m - a scroll of blinking {unknown}
 n - a scroll of magic mapping {unknown}
Potions
 j - a potion of agility {unknown}
 o - a potion of heal wounds
 p - a potion of cancellation {unknown}
Comestibles
 g - 2 bread rations
 i - 2 meat rations


   Skills:
 - Level 1.7 Fighting
 + Level 4.2 Short Blades
 - Level 1.7 Throwing
 - Level 0.7 Dodging
 - Level 4.8 Stealth


You had 3 spell levels left.
You didn't know any spells.

Dungeon Overview and Level Annotations

Branches:
Dungeon (2/15)

Altars:
Elyvilon
Kikubaaqudgha
Makhleb
Okawaru


Innate Abilities, Weirdness & Mutations

You have extremely sharp teeth.
Your natural rate of healing is unusually fast.
When hurt, damage is shared between your health and your magic reserves.
Your bite disrupts and absorbs the magic of your enemies.
Potions cannot restore your health.
You are immune to rotting.


Message History

The gnoll is severely wounded.
You closely miss the gnoll. Your bite misses the gnoll.
The gnoll is severely wounded.
The gnoll hits you with a club.
You closely miss the gnoll. You bite the gnoll. You drain its power.
You feel invigorated.
The gnoll is severely wounded.
The gnoll misses you.
You barely miss the gnoll.
The gnoll is severely wounded.
The gnoll hits you with a club!
* * * LOW HITPOINT WARNING * * *
You hit the gnoll but do no damage. Your bite misses the gnoll.
The gnoll is severely wounded.
You hit the gnoll.
You kill the gnoll!
Unknown command.
It was a potion of heal wounds.
That seemed strangely inert.
The gnoll hits you with a flail!
You die...

#..)..##.# #............
#.....##.###............
#.....##...'............
#.....######(...........
#.....# #..........!.
#.....# #............
##+#.## #............
#.#######............
#...@gg).............
#####################


You could see 2 gnolls.

Vanquished Creatures
  2 gnolls (D:2)
  An adder (D:2)
  3 oozes
  3 dart slugs (D:1)
  3 leopard geckos (D:1)
  5 goblins
  4 hobgoblins (D:1)
  3 jackals (D:1)
  5 kobolds
  A quokka (D:2)
  A ball python (D:2)
  6 bats
  A frilled lizard (D:1)
  7 rats
45 creatures vanquished.

Vanquished Creatures (others)
  4 toadstools (D:1)
4 creatures vanquished.

Grand Total: 49 creatures vanquished

Notes
Turn   | Place    | Note
-------+----------+-------------------------------------------
     0 | D:1      | HAL9000 the Vine Stalker Assassin began the quest for the Orb.
     0 | D:1      | Reached XP level 1. HP: 11/11 MP: 2/2
   113 | D:1      | Reached XP level 2. HP: 9/15 MP: 3/3
   373 | D:1      | Reached XP level 3. HP: 18/18 MP: 4/4
   714 | D:2      | Gained mutation: Your natural rate of healing is unusually fast. [Vine Stalker growth]
   714 | D:2      | Reached XP level 4. HP: 20/23 MP: 5/5
   943 | D:2      | Found an ancient bone altar of Kikubaaqudgha.
   946 | D:2      | Found an iron altar of Okawaru.
   949 | D:2      | Found a white marble altar of Elyvilon.
   952 | D:2      | Found a burning altar of Makhleb.
  1179 | D:2      | Slain by a gnoll

Vault maps used:
D:1:      ldierk_walled_garden_2
D:2:      grunt_temple_overflow_cloverleaf, uniq_natasha

Skill      XL: |  1  2  3  4 |
---------------+-------------+-----
Short Blades   | 2 3 4 |  4.2
Fighting       | |  1.7
Throwing       | |  1.7
Dodging        | |  0.7
Stealth        | |  4.8

Action                   |  1- 3 |  4- 6 || total
-------------------------+-------+-------++-------
Melee: Dagger            |    75 |    42 ||   117
       Bite              |    25 |     9 ||    34
  Use: Potion            |       |     1 ||     1
 Stab: Sleeping          |     5 |     2 ||     7
Armor: Robe              |    16 |     6 ||    22
Dodge: Dodged            |    43 |    15 ||    58
